 Dungeon Crawl Stone Soup version 0.22-a0-271-gc000056 (webtiles) character file.

603 tidbits the Insei (level 7, 52/52 HPs)
             Began as a Gnoll Transmuter on Mar 11, 2018.
             Quit the game on level 5 of the Dungeon.
             The game lasted 00:09:45 (1181 turns).

tidbits the Insei (Gnoll Transmuter)                Turns: 1181, Time: 00:09:46

Health: 52/52      AC:  2    Str: 12    XL:     7   Next: 42%
Magic:  15/15      EV: 16    Int: 17    God:
Gold:   174        SH:  0    Dex: 18    Spells: 11/17 levels left

rFire    . . .     SeeInvis .   a - +1 dagger (venom)
rCold    + . .     Gourm    .   (no shield)
rNeg     . . .     Faith    .   b - +0 robe
rPois    .         Spirit   .   (no helmet)
rElec    .         Reflect  .   (no cloak)
rCorr    .         Harm     .   (no gloves)
MR       .....                  (no boots)
Stlth    ++........             (no amulet)
HPRegen  0.17/turn              o - +2 ring of dexterity
MPRegen  0.14/turn              g - ring of protection from cold

@: no status effects
A: distributed training, fangs 1, strong nose
a: no special abilities


You were on level 5 of the Dungeon.
You were very hungry.

You visited 1 branch of the dungeon, and saw 6 of its levels.

You collected 174 gold pieces.

Inventory:

Hand Weapons
 a - a +1 dagger of venom (weapon)
   (You took it off an orc wizard on level 3 of the Dungeon)
 d - a +0 dagger
 l - a +0 hunting sling
 n - a +2 war axe of chopping
   (You found it on level 6 of the Dungeon)
 x - a +0 flail of protection
   (You took it off a gnoll on level 6 of the Dungeon)
Missiles
 e - 103 stones (quivered)
 f - 22 sling bullets
 h - 114 arrows
 i - 2 tomahawks
Armour
 b - a +0 robe (worn)
 t - a -2 cloak
Jewellery
 g - a ring of protection from cold (right hand)
   (You found it on level 5 of the Dungeon)
 o - a +2 ring of dexterity (left hand)
   (You found it on level 5 of the Dungeon)
Wands
 m - a wand of random effects (24)
 p - a wand of paralysis (15)
 q - a wand of polymorph (13)
 w - a wand of disintegration (11)
Scrolls
 r - 3 scrolls of remove curse
 u - a scroll of fear {unknown}
 v - a scroll of fog {unknown}
Potions
 k - a potion of heal wounds
 s - 2 potions of brilliance
Comestibles
 c - 5 rations


   Skills:
 + Level 3.6 Fighting
 + Level 2.4 Short Blades
 + Level 2.4 Long Blades
 + Level 2.4 Axes
 + Level 2.4 Maces & Flails
 + Level 2.4 Polearms
 + Level 2.4 Staves
 + Level 2.4 Slings
 + Level 2.4 Bows
 + Level 2.4 Crossbows
 + Level 2.4 Throwing
 + Level 2.4 Armour
 + Level 5.2 Dodging
 + Level 2.4 Stealth
 + Level 2.4 Shields
 + Level 7.0 Unarmed Combat
 + Level 5.6 Spellcasting
 + Level 2.0 Conjurations
 + Level 2.0 Hexes
 + Level 2.0 Charms
 + Level 2.0 Summonings
 + Level 2.0 Necromancy
 + Level 2.0 Translocations
 + Level 4.3 Transmutations
 + Level 2.0 Fire Magic
 + Level 2.0 Ice Magic
 + Level 2.0 Air Magic
 + Level 2.0 Earth Magic
 + Level 2.0 Poison Magic
 + Level 2.7 Invocations
 + Level 2.4 Evocations


You had 11 spell levels left.
You knew the following spells:

 Your Spells              Type           Power        Failure   Level  Hunger
e - Beastly Appendage     Tmut           ###...       2%          1    None
k - Sticks to Snakes      Tmut           ###.....     3%          2    #......
p - Spider Form           Tmut/Pois      ###.......   11%         3    ##.....


Dungeon Overview and Level Annotations

Branches:
Dungeon (6/15)
 Temple: D:4-7

Altars:


Innate Abilities, Weirdness & Mutations

Your experience applies equally to all skills.
You have very sharp teeth.
Your uncanny sense of smell can sniff out nearby items.


Message History

Your ball python constricts the crimson imp.
Your adder bites the crimson imp but does no damage.
The crimson imp struggles to blink free from constriction.
You bite the crimson imp!
You kill the crimson imp!
Found 13 gold pieces.
Your transformation is almost over.
You see here 13 gold pieces.
You now have 167 gold pieces (gained 13).
Unknown command.
Your ball python withers and dies!
Your adder withers and dies!
Your transformation has ended.
Your +1 dagger of venom unmelds from your body.
Your +0 robe unmelds from your body.
Your +1 dagger of venom begins to drip with poison!
A gnoll comes into view. It is wielding a flail of protection.
The gnoll shouts!
A gnoll comes into view.
Casting: Spider Form (safe; 11% risk of failure)
Confirm with . or Enter, or press ? or * to list all spells.
You turn into a venomous arachnid creature.
Your +1 dagger of venom melds into your body.
Your +0 robe melds into your body.
Your +1 dagger of venom stops dripping with poison.
The gnoll shouts!
You are feeling very hungry.
You hear a shout!
You hit the gnoll.
The gnoll is poisoned.
The gnoll is heavily wounded.
The gnoll misses you.
You hit the gnoll.
The gnoll is severely wounded.
You bite the gnoll!
You kill the gnoll!
Your Conjurations skill increases to level 2!
Your Hexes skill increases to level 2!
Your Charms skill increases to level 2!
Your Summonings skill increases to level 2!
Your Necromancy skill increases to level 2!
Your Translocations skill increases to level 2!
Your Fire Magic skill increases to level 2!
Your Ice Magic skill increases to level 2!
Your Air Magic skill increases to level 2!
Your Earth Magic skill increases to level 2!
Your Poison Magic skill increases to level 2!
You hit the gnoll.
The gnoll is moderately wounded.
The gnoll hits you.
You hit the gnoll.
The gnoll is poisoned.
The gnoll is almost dead.
The gnoll completely misses you.
You completely miss the gnoll.
The gnoll is almost dead.
You kill the gnoll!
You see here a flail of protection.
Unknown command.
x - a flail of protection A gnoll comes into view.
It is wielding a spear.
The gnoll shouts!
The gnoll misses you.
You hit the gnoll but do no damage. The gnoll misses you.
A jackal zombie comes into view.
You hit the gnoll.
The gnoll is lightly wounded.
The gnoll closely misses you.
You bite the gnoll!
You kill the gnoll!
You hit the jackal zombie.
The jackal zombie is moderately damaged.
The jackal zombie bites you.
You bite the jackal zombie!
You destroy the jackal zombie!
Things that are here:
a spear; a gnoll corpse Your transformation is almost over.
Found a papyrus book and 23 arrows.
You see here a book of Power.
You pick up a book of Power and begin reading...
You add the spells Iskenderun's Battlesphere, Venom Bolt, Bolt of Magma, Iron Shot, Orb of Destruction and Spellforged Servitor to your library.
Your transformation has ended.
Your +1 dagger of venom unmelds from your body.
Your +0 robe unmelds from your body.
Your +1 dagger of venom begins to drip with poison!
You see here 23 arrows.
h - 114 arrows (gained 23)
As you read the scroll labeled IWAIW ZOSMI, it crumbles to dust.
You feel strangely unstable.
It was a scroll of teleportation.
Your surroundings suddenly seem different.
Okay, then.
There is a stone staircase leading up here.
You climb upwards.
There is a stone staircase leading down here.
Unknown command.
You see here 7 gold pieces.
You now have 174 gold pieces (gained 7).
You open the door.
Found a leather armour.
A gnoll comes into view.
The gnoll shouts!
There is an open door here.
Are you sure you want to abandon this character and quit the game? (Confirm with "yes".)

.....#.....#
...#.......######
.....#.....#....#.......#
######.....#....#.......#
# #######....#.......# .
.....gg#.......# ..
.......#.......# ...
......g#.......######
....
.......#............#
.###. #....@............#
+# ## #.[..#............#
Y# .......#............#
.# .##.................#
.# ################### .#
.# ##


You could see 3 gnolls.

Vanquished Creatures
  An orc warrior (D:6)
  An ogre (D:6)
  3 crimson imps
  An orc priest (D:3)
  Ijyb (D:5)
  5 orc wizards
  A worker ant (D:5)
  3 gnolls (D:6)
  3 adders
  A worm (D:2)
  2 leopard geckos (D:4)
  7 orcs
  2 hobgoblins
  2 jackals (D:2)
  A quokka (D:3)
  A bat (D:1)
  2 frilled lizards
  2 goblins (D:3)
  A jackal zombie (D:6)
  2 kobolds
  4 rats
46 creatures vanquished.

Vanquished Creatures (collateral kills)
  A crimson imp (D:5)
  A bat (D:3)
  A leopard gecko skeleton (D:6)
3 creatures vanquished.

Grand Total: 49 creatures vanquished

Notes
Turn   | Place    | Note
-------+----------+-------------------------------------------
     0 | D:1      | tidbits the Gnoll Transmuter began the quest for the Orb.
     0 | D:1      | Reached XP level 1. HP: 17/17 MP: 6/6
   193 | D:2      | Reached XP level 2. HP: 14/23 MP: 7/7
   203 | D:2      | Learned a level 2 spell: Sticks to Snakes
   258 | D:2      | Reached skill level 5 in Spellcasting
   258 | D:2      | Reached XP level 3. HP: 21/28 MP: 5/9
   267 | D:2      | Learned a level 3 spell: Spider Form
   354 | D:3      | Reached skill level 1 in Short Blades
   354 | D:3      | Reached skill level 1 in Long Blades
   354 | D:3      | Reached skill level 1 in Axes
   354 | D:3      | Reached skill level 1 in Maces & Flails
   354 | D:3      | Reached skill level 1 in Polearms
   354 | D:3      | Reached skill level 1 in Staves
   354 | D:3      | Reached skill level 1 in Slings
   354 | D:3      | Reached skill level 1 in Bows
   354 | D:3      | Reached skill level 1 in Crossbows
   354 | D:3      | Reached skill level 1 in Throwing
   354 | D:3      | Reached skill level 1 in Armour
   354 | D:3      | Reached skill level 1 in Stealth
   354 | D:3      | Reached skill level 1 in Shields
   354 | D:3      | Reached skill level 1 in Invocations
   354 | D:3      | Reached skill level 1 in Evocations
   356 | D:3      | Reached XP level 4. HP: 23/34 MP: 4/11
   419 | D:3      | Reached skill level 1 in Conjurations
   419 | D:3      | Reached skill level 1 in Hexes
   419 | D:3      | Reached skill level 1 in Charms
   419 | D:3      | Reached skill level 1 in Summonings
   419 | D:3      | Reached skill level 1 in Necromancy
   419 | D:3      | Reached skill level 1 in Translocations
   419 | D:3      | Reached skill level 1 in Fire Magic
   419 | D:3      | Reached skill level 1 in Ice Magic
   419 | D:3      | Reached skill level 1 in Air Magic
   419 | D:3      | Reached skill level 1 in Earth Magic
   419 | D:3      | Reached skill level 1 in Poison Magic
   419 | D:3      | Reached XP level 5. HP: 15/40 MP: 3/12
   673 | D:4      | Reached skill level 3 in Fighting
   696 | D:5      | Entered Level 5 of the Dungeon
   770 | D:5      | Reached skill level 4 in Transmutations
   805 | D:5      | Noticed Ijyb
   814 | D:5      | Killed Ijyb
   833 | D:5      | Reached skill level 2 in Invocations
   833 | D:5      | Reached XP level 6. HP: 47/47 MP: 5/13
   857 | D:5      | Noticed a sky beast
   880 | D:6      | Noticed an orc warrior
   887 | D:6      | Killed an orc warrior
   887 | D:6      | Reached skill level 2 in Short Blades
   887 | D:6      | Reached skill level 2 in Long Blades
   887 | D:6      | Reached skill level 2 in Axes
   887 | D:6      | Reached skill level 2 in Maces & Flails
   887 | D:6      | Reached skill level 2 in Polearms
   887 | D:6      | Reached skill level 2 in Staves
   887 | D:6      | Reached skill level 2 in Slings
   887 | D:6      | Reached skill level 2 in Bows
   887 | D:6      | Reached skill level 2 in Crossbows
   887 | D:6      | Reached skill level 2 in Throwing
   887 | D:6      | Reached skill level 2 in Armour
   887 | D:6      | Reached skill level 5 in Dodging
   887 | D:6      | Reached skill level 2 in Stealth
   887 | D:6      | Reached skill level 2 in Shields
   887 | D:6      | Reached skill level 2 in Evocations
   907 | D:6      | Reached XP level 7. HP: 36/52 MP: 10/15
  1020 | D:5      | Reached skill level 7 in Unarmed Combat
  1122 | D:6      | Reached skill level 2 in Conjurations
  1122 | D:6      | Reached skill level 2 in Hexes
  1122 | D:6      | Reached skill level 2 in Charms
  1122 | D:6      | Reached skill level 2 in Summonings
  1122 | D:6      | Reached skill level 2 in Necromancy
  1122 | D:6      | Reached skill level 2 in Translocations
  1122 | D:6      | Reached skill level 2 in Fire Magic
  1122 | D:6      | Reached skill level 2 in Ice Magic
  1122 | D:6      | Reached skill level 2 in Air Magic
  1122 | D:6      | Reached skill level 2 in Earth Magic
  1122 | D:6      | Reached skill level 2 in Poison Magic
  1181 | D:5      | Quit the game

Vault maps used:
D:1:      dpeg_arrival_boxes_within_box
D:2:      chequers_ecumenical_altar_simple_redux, uniq_robin
D:3:      first_ration
D:4:      st_stairs_3
D:5:      uniq_ijyb
D:6:      nicolae_overflow_hidden_temple

Skill      XL: |  1  2  3  4  5  6  7 |
---------------+----------------------+-----
Spellcasting   | 5 |  5.6
Short Blades   | 1 2 |  2.4
Long Blades    | 1 2 |  2.4
Axes           | 1 2 |  2.4
Maces & Flails | 1 2 |  2.4
Polearms       | 1 2 |  2.4
Staves         | 1 2 |  2.4
Slings         | 1 2 |  2.4
Bows           | 1 2 |  2.4
Crossbows      | 1 2 |  2.4
Throwing       | 1 2 |  2.4
Armour         | 1 2 |  2.4
Stealth        | 1 2 |  2.4
Shields        | 1 2 |  2.4
Invocations    | 1 2 |  2.7
Evocations     | 1 2 |  2.4
Conjurations   | 1 2 |  2.0
Hexes          | 1 2 |  2.0
Charms         | 1 2 |  2.0
Summonings     | 1 2 |  2.0
Necromancy     | 1 2 |  2.0
Translocations | 1 2 |  2.0
Fire Magic     | 1 2 |  2.0
Ice Magic      | 1 2 |  2.0
Air Magic      | 1 2 |  2.0
Earth Magic    | 1 2 |  2.0
Poison Magic   | 1 2 |  2.0
Fighting       | 3 |  3.6
Transmutations | 4 |  4.3
Dodging        | 5 |  5.2
Unarmed Combat | 7 |  7.0

Action                   |  1- 3 |  4- 6 |  7- 9 || total
-------------------------+-------+-------+-------++-------
Melee: Unarmed           |    31 |    60 |    26 ||   117
       Kick              |     2 |       |       ||     2
       Bite              |     3 |       |       ||     3
       Headbutt          |     2 |       |       ||     2
       Dagger            |       |    15 |       ||    15
 Cast: Beastly Appendage |     7 |       |       ||     7
       Sticks to Snakes  |     2 |     4 |     2 ||     8
       Spider Form       |     1 |    10 |     4 ||    15
 Abil: End Transformatio |       |     1 |       ||     1
Evoke: Wand              |       |     1 |       ||     1
  Use: Potion            |     2 |     2 |       ||     4
       Scroll            |       |     3 |     3 ||     6
 Stab: Paralysed         |       |     2 |       ||     2
  Eat: Chunk             |       |     1 |       ||     1
Armor: Robe              |     1 |     3 |       ||     4
       Skin              |       |     1 |       ||     1
Dodge: Dodged            |    16 |    45 |    12 ||    73

Table legend:
 A = Spawn XP
 B = Non-spawn XP
 C = Spawn XP percentage of total XP
 D = Spawn monster count
 E = Non-spawn monster count
 F = Spawn count percentage of total count
 G = Total turns spent on level
                    A         B        C        D         E        F      G
               +---------+---------+-------+---------+---------+-------+---------
         Total |       0 |     862 |   0.0 |       0 |      49 |   0.0 |  1181
               +---------+---------+-------+---------+---------+-------+---------
           D:1 |       0 |       4 |   0.0 |       0 |       4 |   0.0 |   159
           D:2 |       0 |      38 |   0.0 |       0 |       7 |   0.0 |   113
           D:3 |       0 |     183 |   0.0 |       0 |      17 |   0.0 |   320
           D:4 |       0 |       7 |   0.0 |       0 |       3 |   0.0 |   106
           D:5 |       0 |     174 |   0.0 |       0 |       6 |   0.0 |   305
           D:6 |       0 |     456 |   0.0 |       0 |      12 |   0.0 |   178
               +---------+---------+-------+---------+---------+-------+---------

Table legend:
 A = Turns spent in this place as a percentage of turns spent in the entire game.
 B = Non-inter-level travel turns spent in this place as a percentage of non-inter-level travel turns spent in the entire game.
 C = Inter-level travel turns spent in this place as a percentage of turns spent in this place.
 D = Turns resting spent in this place as a percentage of non-inter-level travel turns spent in this place.
 E = Turns spent auto-exploring this place as a percentage of non-inter-level travel turns spent in this place.
 F = Non-inter-level travel turns spent in this place divided by the number of levels of this place that you've seen.
                   A       B       C       D       E      F
               +-------+-------+-------+-------+-------+----------------------
         Total | 100.0 | 100.0 |   1.9 |   0.0 |   0.0 | 193.2
       Dungeon | 100.0 | 100.0 |   1.9 |   0.0 |   0.0 | 193.2
               +-------+-------+-------+-------+-------+----------------------

Table legend:
 A = Kills in this place as a percentage of kills in entire the game.
 B = Kills by you in this place as a percentage of kills by you in the entire game.
 C = Kills by friends in this place as a percentage of kills by friends in the entire game.
 D = Other kills in this place as a percentage of other kills in the entire game.
 E = Experience gained in this place as a percentage of experience gained in the entire game.
 F = Experience gained in this place divided by the number of levels of this place that you have seen.
                   A       B       C       D       E      F
               +-------+-------+-------+-------+-------+----------------------
         Total | 100.0 | 100.0 | 100.0 |   N/A | 100.0 | 143.7
       Dungeon | 100.0 | 100.0 | 100.0 |   N/A | 100.0 | 143.7
               +-------+-------+-------+-------+-------+----------------------

Vault maps used:
D:1:      dpeg_arrival_boxes_within_box
D:2:      chequers_ecumenical_altar_simple_redux, uniq_robin
D:3:      first_ration
D:4:      st_stairs_3
D:5:      uniq_ijyb
D:6:      nicolae_overflow_hidden_temple
